 Dungeon Crawl Stone Soup version 0.20.1-1-g8b1a95d (webtiles) character file.

135 Hylith the Chopper (level 4, -1/41 HPs)
             Began as a Minotaur Berserker on Dec 26, 2017.
             Was a Believer of Trog.
             Slain by a gnoll
             ... wielding a +0 flail
              (9 damage)
             ... on level 3 of the Dungeon.
             The game lasted 00:04:30 (1761 turns).

Hylith the Chopper (Minotaur Berserker)             Turns: 1761, Time: 00:04:31

Health: -1/41      AC:  8    Str: 23    XL:     4   Next: 97%
Magic:  3/3        EV:  8    Int:  4    God:    Trog [**....]
Gold:   86         SH:  0    Dex:  9    Spells: 3/3 levels left

rFire    . . .     SeeInvis .   r - -3 war axe (curse)
rCold    + . .     Gourm    .   (no shield)
rNeg     . . .     Faith    .   k - +0 chain mail
rPois    .         Spirit   .   (helmet restricted)
rElec    .         Reflect  .   (no cloak)
rCorr    .         Harm     .   (no gloves)
MR       .....                  (no boots)
Stlth    ..........             p - amulet of inaccuracy (curse)
Regen    0.2/turn               f - ring of protection from cold
MPRegen  0.1/turn               (no ring)

@: heavily drained
A: retaliatory headbutt, horns 2
a: Berserk, Trog's Hand, Burn Spellbooks, Renounce Religion


You were on level 3 of the Dungeon.
You worshipped Trog.
Trog was pleased with you.
You were hungry.

You visited 1 branch of the dungeon, and saw 3 of its levels.

You collected 86 gold pieces.

Inventory:

Hand Weapons
 a - a +0 hand axe
 r - a cursed -3 war axe (weapon)
 s - a +0 halberd
Armour
 k - a +0 chain mail (worn)
Jewellery
 f - a ring of protection from cold (left hand)
 g - an uncursed amulet of harm
 p - a cursed amulet of inaccuracy (around neck)
Scrolls
 i - a scroll of teleportation
 m - a scroll of identify
 o - a scroll of magic mapping
Potions
 b - 3 potions of haste {unknown}
 d - 2 potions of invisibility {unknown}
 e - a potion of agility {unknown}
 h - 2 potions of lignification {unknown}
 l - a potion of flight {unknown}
 n - a potion of heal wounds {unknown}
 q - a potion of might {unknown}
Comestibles
 c - 2 bread rations
 j - a royal jelly


   Skills:
 * Level 4.8(3.4) Fighting
 * Level 5.3(3.9) Axes
 * Level 3.6(2.2) Armour
 - Level 2.1(0.8) Dodging


You had 3 spell levels left.
You didn't know any spells.

Dungeon Overview and Level Annotations

Branches:
Dungeon (3/15)

Altars:
Ru


Innate Abilities, Weirdness & Mutations

You reflexively headbutt those who attack you in melee.
You have a pair of horns on your head.


Message History

The gnoll shouts!
The gnoll throws a stone.
The stone barely misses you.
The gnoll throws a stone.
The stone completely misses you.
You closely miss the gnoll. The gnoll hits you with a flail!
The gnoll hits you with a flail.
You are too injured to fight recklessly!
You are too injured to fight recklessly!
You are too injured to fight recklessly!
You are too injured to fight recklessly!
You are too injured to fight recklessly!
You are too injured to fight recklessly!
You are too injured to fight recklessly!
You are too injured to fight recklessly!
Your chain mail prevents you from hitting the gnoll.
The gnoll hits you with a flail!
* * * LOW HITPOINT WARNING * * *
You miss the gnoll. The gnoll closely misses you.
You barely miss the gnoll. Your headbutt misses the gnoll.
The gnoll hits you with a flail!
You die...

#...........# #.#
#.#####.....########.#
#.#...#.....#......†.# .
#.....#....)#'########
....####.#####.........#.
...)......................
###.####.####.............
......<..†.....>..........
....####...@g#........###.
......('....)#........#
...#.###.....#........#
###.....#........#
..##.....#######.##
#.##.....# .# .##
##########.######... ...≈
..................## ..≈≈
..................# .≈≈≈


You could see a gnoll.

Vanquished Creatures
  An orc wizard (D:3)
  An adder (D:3)
  3 gnolls (D:3)
  2 oozes (D:2)
  A worm (D:2)
  A dart slug (D:1)
  4 leopard geckos
  5 bats
  4 giant cockroaches
  7 goblins
  3 hobgoblins
  6 jackals
  A quokka (D:2)
  2 frilled lizards
  5 kobolds
  6 rats
52 creatures vanquished.

Notes
Turn   | Place    | Note
-------+----------+-------------------------------------------
     0 | D:1      | Hylith the Minotaur Berserker began the quest for the Orb.
     0 | D:1      | Reached XP level 1. HP: 19/19 MP: 0/0
   278 | D:1      | Reached XP level 2. HP: 27/27 MP: 1/1
   846 | D:2      | Reached skill level 4 in Axes
   963 | D:2      | Reached XP level 3. HP: 33/33 MP: 2/2
  1089 | D:2      | Reached ** piety under Trog
  1557 | D:3      | Found a sacrificial altar of Ru.
  1571 | D:3      | Reached skill level 5 in Axes
  1571 | D:3      | Reached XP level 4. HP: 40/41 MP: 3/3
  1646 | D:3      | Found a faded altar of an unknown god.
  1761 | D:3      | Slain by a gnoll

Skill      XL: |  1  2  3 |
---------------+----------+-----
Fighting       | 4 |  4.8
Axes           | 4 5 |  5.3
Armour         | 3 |  3.6
Dodging        | |  2.1

Action                   |  1- 3 |  4- 6 || total
-------------------------+-------+-------++-------
Melee: Hand axe          |    77 |    36 ||   113
       Headbutt          |    12 |     4 ||    16
       War axe           |       |     5 ||     5
  Use: Scroll            |       |     3 ||     3
 Stab: Paralysed         |       |     1 ||     1
  Eat: Chunk             |     2 |       ||     2
Armor: Ring mail         |     4 |       ||     4
       Chain mail        |    33 |    13 ||    46
Dodge: Dodged            |    38 |    17 ||    55
